| TOP OF THE 1ST |
|
Spokane River Rats batting - Pitching for Idaho Falls Chukars : RHP Amaury Telemaco
|
|
Pitching: RHP Amaury Telemaco
|
|
|
Batting: SHB Chuck Carr
|
0-0: Called Strike 0-1: Bunted foul 0-2: Strikes out swinging
|
|
Batting: LHB Andy Fox
|
0-0: Ball 1-0: Called Strike 1-1: SINGLE (Groundball, 56D, EV 103.1 MPH)
|
|
Batting: SHB Gene Kingsale
|
0-0: Ball 1-0: Called Strike 1-1: Foul Ball, location: 2F 1-2: Ball 2-2: Foul Ball, location: 2F 2-2: Fly out, F7 (Flyball, 7D, EV 89.4 MPH)
|
|
Batting: RHB Jose Lind
|
0-0: Ball 1-0: Ball 2-0: Fielders Choice at 2nd, 5-4 (Groundball, 56, EV 103.1 MPH)
|
| Top of the 1st over - 0 runs, 1 hit, 0 errors, 1 left on base; Spokane 0 - Idaho Falls 0 |
| BOTTOM OF THE 1ST |
|
Idaho Falls Chukars batting - Pitching for Spokane River Rats : RHP Rick Helling
|
|
Pitching: RHP Rick Helling
|
|
|
Batting: LHB Wayne Kirby
|
0-0: Called Strike 0-1: Swinging Strike 0-2: Ground out 5-3 (Groundball, 5L, EV 82.5 MPH)
|
|
Batting: LHB Dwight Smith
|
0-0: Ball 1-0: Foul Ball, location: 2F 1-1: Fly out, F8 (Flyball, 8LD, EV 104.4 MPH)
|
|
Batting: LHB Rico Brogna
|
0-0: Ball 1-0: Ball 2-0: Ball 3-0: Base on Balls
|
|
Batting: RHB Mark Lewis
|
0-0: Ball 1-0: Called Strike 1-1: SINGLE (Line Drive, 5D, EV 100.0 MPH) Rico Brogna to second
|
|
Batting: SHB Marcus Jensen
|
0-0: Fielders Choice at 2nd, 6-4 (Groundball, 6, EV 103.1 MPH)
|
| Bottom of the 1st over - 0 runs, 1 hit, 0 errors, 2 left on base; Spokane 0 - Idaho Falls 0 |
| TOP OF THE 2ND |
|
Spokane River Rats batting - Pitching for Idaho Falls Chukars : RHP Amaury Telemaco
|
|
Batting: SHB Chris Latham
|
0-0: Ball 1-0: Foul Ball, location: 2F 1-1: SINGLE (Line Drive, 78S, EV 100.0 MPH)
|
|
Batting: LHB Eric Helfand
|
0-0: Ball 1-0: Ball 2-0: SINGLE (Line Drive, 8RS, EV 101.9 MPH) Chris Latham to second
|
|
Batting: RHB Rico Rossy
|
0-0: Ball 1-0: Ball 2-0: Ball 3-0: Base on Balls Chris Latham to third Eric Helfand to second
|
|
Batting: LHB Jay Hood
|
0-0: Called Strike 0-1: Ball 1-1: Ball 2-1: Foul Ball, location: 2F 2-2: Grounds into fielders choice 1-2 (Groundball, 15S, EV 66.3 MPH) Eric Helfand to third Rico Rossy to second
|
|
Batting: SHB Doug Brady
|
0-0: Fly out, F8 (Line Drive, 8LD, EV 97.5 MPH) Runner from 3rd tags up, OUT at HOME! 8-2
|
| Top of the 2nd over - 0 runs, 2 hits, 0 errors, 2 left on base; Spokane 0 - Idaho Falls 0 |
| BOTTOM OF THE 2ND |
|
Idaho Falls Chukars batting - Pitching for Spokane River Rats : RHP Rick Helling
|
|
Batting: LHB Darren Daulton
|
0-0: Ball 1-0: Ball 2-0: Called Strike 2-1: Fly out, F8 (Flyball, 78S, EV 91.9 MPH)
|
|
Batting: RHB Les Norman
|
0-0: Swinging Strike 0-1: Ball 1-1: Ball 2-1: Fly out, F2 (Popup, 23F, EV 85.6 MPH)
|
|
Batting: RHB Dave Hajek
|
0-0: Foul Ball, location: 2F 0-1: Foul Ball, location: 2F 0-2: Ground out U3 (Groundball, 3, EV 88.8 MPH)
|
| Bottom of the 2nd over - 0 runs, 0 hits, 0 errors, 0 left on base; Spokane 0 - Idaho Falls 0 |
| TOP OF THE 3RD |
|
Spokane River Rats batting - Pitching for Idaho Falls Chukars : RHP Amaury Telemaco
|
|
Batting: SHB Chuck Carr
|
0-0: Ball 1-0: Ball 2-0: Bunted foul 2-1: Foul Ball, location: 2F 2-2: Foul Ball, location: 2F 2-2: Ball 3-2: Fly out, F8 (Line Drive, 8RD, EV 93.8 MPH)
|
|
Batting: LHB Andy Fox
|
0-0: Called Strike 0-1: Foul Ball, location: 2F 0-2: Ball 1-2: Ball 2-2: Foul Ball, location: 2F 2-2: SINGLE (Groundball, 4D, EV 95.0 MPH)
|
|
Batting: SHB Gene Kingsale
|
0-0: Called Strike 0-1: Ball 1-1: Called Strike 1-2: Ball 2-2: Ball 3-2: DOUBLE (Groundball, 3L, EV 100.0 MPH) Andy Fox to third Runner from 3rd tries for Home, SAFE, throw by RF to home
|
|
Batting: RHB Jose Lind
|
0-0: Ground out 6-3 (Groundball, 6, EV 86.3 MPH)
|
|
Batting: SHB Chris Latham
|
0-0: Swinging Strike 0-1: Called Strike 0-2: Ball 1-2: Ball 2-2: Ground out 4-3 (Groundball, 4, EV 108.1 MPH)
|
| Top of the 3rd over - 1 run, 2 hits, 0 errors, 1 left on base; Spokane 1 - Idaho Falls 0 |
| BOTTOM OF THE 3RD |
|
Idaho Falls Chukars batting - Pitching for Spokane River Rats : RHP Rick Helling
|
|
Batting: RHB Takahiro Suzuki
|
0-0: SINGLE (Groundball, 6MD, EV 96.9 MPH)
|
|
Batting: LHB Wayne Kirby
|
0-0: Ball 1-0: Foul Ball, location: 2F 1-1: Ball 2-1: Called Strike 2-2: SINGLE (Line Drive, 4D, EV 95.6 MPH) Takahiro Suzuki to second
|
|
Batting: LHB Dwight Smith
|
0-0: Ball 1-0: Foul Ball, location: 2F 1-1: Called Strike 1-2: Strikes out swinging
|
|
Batting: LHB Rico Brogna
|
0-0: Foul Ball, location: 2F 0-1: Ball 1-1: Swinging Strike 1-2: Foul Ball, location: 2F 1-2: Strikes out looking
|
|
Batting: RHB Mark Lewis
|
0-0: Ball 1-0: Ball 2-0: Ball 3-0: Base on Balls Takahiro Suzuki to third Wayne Kirby to second
|
|
Batting: SHB Marcus Jensen
|
0-0: Foul Ball, location: 2F 0-1: Ground out 3-1 (Groundball, 34, EV 105.6 MPH)
|
| Bottom of the 3rd over - 0 runs, 2 hits, 0 errors, 3 left on base; Spokane 1 - Idaho Falls 0 |
| TOP OF THE 4TH |
|
Spokane River Rats batting - Pitching for Idaho Falls Chukars : RHP Amaury Telemaco
|
|
Batting: LHB Eric Helfand
|
0-0: Swinging Strike 0-1: Called Strike 0-2: Strikes out looking
|
|
Batting: RHB Rico Rossy
|
0-0: Called Strike 0-1: Ground out 6-3 (Groundball, 6S, EV 85.0 MPH)
|
|
Batting: LHB Jay Hood
|
0-0: Ground out 6-3 (Groundball, 6M, EV 82.5 MPH)
|
| Top of the 4th over - 0 runs, 0 hits, 0 errors, 0 left on base; Spokane 1 - Idaho Falls 0 |
| BOTTOM OF THE 4TH |
|
Idaho Falls Chukars batting - Pitching for Spokane River Rats : RHP Rick Helling
|
|
Batting: LHB Darren Daulton
|
0-0: SOLO HOME RUN (Flyball, 89XD, EV 90.6 MPH), Distance : 441 ft
|
|
Batting: RHB Les Norman
|
0-0: Called Strike 0-1: Called Strike 0-2: Ball 1-2: Foul Ball, location: 2F 1-2: SINGLE (Groundball, 34D, EV 107.5 MPH)
|
|
Batting: RHB Dave Hajek
|
0-0: Foul Ball, location: 2F 0-1: Fly out, F3 (Popup, 3F, EV 58.1 MPH)
|
|
Batting: RHB Takahiro Suzuki
|
0-0: Fly out, F9 (Flyball, 9, EV 80.6 MPH)
|
|
Batting: LHB Wayne Kirby
|
0-0: Ball 1-0: Ground out U3 (Groundball, 3L, EV 85.0 MPH)
|
| Bottom of the 4th over - 1 run, 2 hits, 0 errors, 1 left on base; Spokane 1 - Idaho Falls 1 |
| TOP OF THE 5TH |
|
Spokane River Rats batting - Pitching for Idaho Falls Chukars : RHP Amaury Telemaco
|
|
Batting: SHB Doug Brady
|
0-0: Ball 1-0: Foul Ball, location: 2F 1-1: Ball 2-1: Called Strike 2-2: Foul Ball, location: 2F 2-2: Strikes out swinging
|
|
Batting: SHB Chuck Carr
|
0-0: Ball 1-0: SINGLE (Flyball, 89S, EV 88.1 MPH)
|
|
Batting: LHB Andy Fox
|
0-0: Ball 1-0: Called Strike 1-1: Called Strike Chuck Carr steals 2nd base (no throw) 1-2: Fly out, F7 (Line Drive, 7D, EV 93.8 MPH) Runner from 2nd tags up, SAFE at 3rd, no throw by LF
|
|
Batting: SHB Gene Kingsale
|
0-0: Foul Ball, location: 2F 0-1: Called Strike 0-2: Ball 1-2: Ball 2-2: Strikes out swinging
|
| Top of the 5th over - 0 runs, 1 hit, 0 errors, 1 left on base; Spokane 1 - Idaho Falls 1 |
| BOTTOM OF THE 5TH |
|
Idaho Falls Chukars batting - Pitching for Spokane River Rats : RHP Rick Helling
|
|
Batting: LHB Dwight Smith
|
0-0: Foul Ball, location: 2F 0-1: Foul Ball, location: 2F 0-2: Fly out, F7 (Line Drive, 7D, EV 102.5 MPH)
|
|
Batting: LHB Rico Brogna
|
0-0: Called Strike 0-1: Foul Ball, location: 2F 0-2: Strikes out swinging
|
|
Batting: RHB Mark Lewis
|
0-0: Ball 1-0: SINGLE (Line Drive, 8RS, EV 103.1 MPH)
|
|
Batting: SHB Marcus Jensen
|
0-0: Ball 1-0: Ground out 4-3 (Groundball, 4S, EV 70.0 MPH)
|
| Bottom of the 5th over - 0 runs, 1 hit, 0 errors, 1 left on base; Spokane 1 - Idaho Falls 1 |
| TOP OF THE 6TH |
|
Spokane River Rats batting - Pitching for Idaho Falls Chukars : RHP Amaury Telemaco
|
|
Batting: RHB Jose Lind
|
0-0: Ball 1-0: Ball 2-0: Ball 3-0: Base on Balls
|
|
Batting: SHB Chris Latham
|
0-0: Ball 1-0: Ball 2-0: Called Strike 2-1: Foul Ball, location: 2F 2-2: Foul Ball, location: 2F 2-2: Fielders Choice at 2nd, 4-6 (Groundball, 4, EV 78.8 MPH)
|
|
Batting: LHB Eric Helfand
|
0-0: SINGLE (Flyball, 9S, EV 84.4 MPH) Chris Latham to second Runner from 2nd tries for 3rd, SAFE, no throw by RF
|
|
Batting: RHB Rico Rossy
|
0-0: SINGLE (Groundball, 56D, EV 98.8 MPH) Chris Latham scores Eric Helfand to second
|
|
Batting: LHB Jay Hood
|
0-0: Called Strike 0-1: Swinging Strike 0-2: Ball 1-2: Strikes out looking
|
|
Batting: SHB Doug Brady
|
0-0: Ball 1-0: Fly out, F4 (Popup, 4MD, EV 45.6 MPH)
|
| Top of the 6th over - 1 run, 2 hits, 0 errors, 2 left on base; Spokane 2 - Idaho Falls 1 |
| BOTTOM OF THE 6TH |
|
Idaho Falls Chukars batting - Pitching for Spokane River Rats : RHP Rick Helling
|
|
Batting: LHB Darren Daulton
|
0-0: Ball 1-0: Ball 2-0: Called Strike 2-1: Ball 3-1: Called Strike 3-2: Base on Balls
|
|
Batting: RHB Les Norman
|
0-0: Foul Ball, location: 2F 0-1: Called Strike 0-2: Ball 1-2: Strikes out swinging
|
|
Pitching: LHP Bobby M Jones
|
|
|
Batting: RHB Dave Hajek
|
0-0: Called Strike 0-1: Foul Ball, location: 2F 0-2: Ball 1-2: Foul Ball, location: 2F 1-2: Fielders Choice at 2nd, 1-4 (Groundball, P, EV 78.1 MPH)
|
|
Batting: RHB Takahiro Suzuki
|
0-0: Fly out, F9 (Flyball, 9LS, EV 78.1 MPH)
|
| Bottom of the 6th over - 0 runs, 0 hits, 0 errors, 1 left on base; Spokane 2 - Idaho Falls 1 |
| TOP OF THE 7TH |
|
Spokane River Rats batting - Pitching for Idaho Falls Chukars : RHP Amaury Telemaco
|
|
Batting: SHB Chuck Carr
|
0-0: Foul Ball, location: 2F 0-1: Ball 1-1: Fly out, F8 (Flyball, 89S, EV 87.5 MPH)
|
|
Batting: LHB Andy Fox
|
0-0: Called Strike 0-1: Foul Ball, location: 2F 0-2: Foul Ball, location: 2F 0-2: Ball 1-2: Ball 2-2: Ground out 6-3 (Groundball, 6, EV 90.0 MPH)
|
|
Batting: SHB Gene Kingsale
|
0-0: Called Strike 0-1: Foul Ball, location: 2F 0-2: Ball 1-2: Strikes out swinging
|
| Top of the 7th over - 0 runs, 0 hits, 0 errors, 0 left on base; Spokane 2 - Idaho Falls 1 |
| BOTTOM OF THE 7TH |
|
Idaho Falls Chukars batting - Pitching for Spokane River Rats : LHP Bobby M Jones
|
|
Batting: LHB Wayne Kirby
|
0-0: Ground out 6-3 (Groundball, 6, EV 103.8 MPH)
|
|
Batting: LHB Dwight Smith
|
0-0: Ball 1-0: Swinging Strike 1-1: Ball 2-1: SINGLE (Groundball, 6MD, EV 106.9 MPH)
|
|
Batting: LHB Rico Brogna
|
0-0: Foul Ball, location: 2F 0-1: Foul Ball, location: 2F 0-2: Ball 1-2: Fly out, F9 (Flyball, 9S, EV 86.9 MPH)
|
|
Batting: RHB Mark Lewis
|
0-0: Ball 1-0: SINGLE (Flyball, 9LS, EV 86.3 MPH) Dwight Smith to second Runner from 2nd tries for 3rd, SAFE, no throw by RF
|
|
Batting: SHB Marcus Jensen
|
0-0: Foul Ball, location: 2F 0-1: Ball 1-1: Ball 2-1: Ground out 5-3 (Groundball, 56S, EV 87.5 MPH)
|
| Bottom of the 7th over - 0 runs, 2 hits, 0 errors, 2 left on base; Spokane 2 - Idaho Falls 1 |
| TOP OF THE 8TH |
|
Spokane River Rats batting - Pitching for Idaho Falls Chukars : RHP Amaury Telemaco
|
|
Pitching: RHP John Johnstone
|
|
|
Batting: RHB Jose Lind
|
0-0: Ball 1-0: Ball 2-0: Foul Ball, location: 2F 2-1: Swinging Strike 2-2: Ball 3-2: Strikes out swinging
|
|
Batting: SHB Chris Latham
|
0-0: Ball 1-0: Swinging Strike 1-1: Called Strike 1-2: Foul Ball, location: 2F 1-2: Ball 2-2: Ball 3-2: Base on Balls
|
|
Batting: LHB Eric Helfand
|
0-0: Ball 1-0: Ball 2-0: Called Strike 2-1: Swinging Strike 2-2: Ball 3-2: Foul Ball, location: 2F 3-2: SINGLE (Flyball, 8LS, EV 93.1 MPH) Chris Latham to second Chris Latham to third
|
|
Pitching: RHP Steve Montgomery
|
|
|
Batting: RHB Rico Rossy
|
0-0: SINGLE (Groundball, 3, EV 89.4 MPH) (infield hit) Chris Latham scores Eric Helfand to second
|
|
Batting: LHB Jay Hood
|
0-0: Ball 1-0: Foul Ball, location: 2F 1-1: Called Strike 1-2: Strikes out looking
|
|
Batting: SHB Doug Brady
|
0-0: Fly out, F5 (Line Drive, 5, EV 73.8 MPH)
|
| Top of the 8th over - 1 run, 2 hits, 0 errors, 2 left on base; Spokane 3 - Idaho Falls 1 |
| BOTTOM OF THE 8TH |
|
Idaho Falls Chukars batting - Pitching for Spokane River Rats : LHP Bobby M Jones
|
|
Batting: LHB Darren Daulton
|
0-0: Ball 1-0: Ball 2-0: Foul Ball, location: 2F 2-1: Foul Ball, location: 2F 2-2: Ball 3-2: Base on Balls
|
|
Batting: RHB Les Norman
|
0-0: Foul Ball, location: 2F 0-1: Foul Ball, location: 2F 0-2: Ball 1-2: Ball 2-2: Foul Ball, location: 2F 2-2: Ball 3-2: Fielders Choice at 2nd, 2-4 (Groundball, 15S, EV 70.0 MPH)
|
|
Batting: RHB Dave Hajek
|
0-0: Ball 1-0: Ball 2-0: Called Strike 2-1: Foul Ball, location: 2F 2-2: Ball 3-2: 2-RUN HOME RUN (Flyball, 9D, EV 91.9 MPH), Distance : 380 ft
|
|
Batting: RHB Takahiro Suzuki
|
0-0: Called Strike 0-1: Called Strike 0-2: Ball 1-2: Ball 2-2: Strikes out swinging
|
|
Batting: LHB Wayne Kirby
|
0-0: Ground out 6-3 (Groundball, 6, EV 88.8 MPH)
|
| Bottom of the 8th over - 2 runs, 1 hit, 0 errors, 0 left on base; Spokane 3 - Idaho Falls 3 |
| TOP OF THE 9TH |
|
Spokane River Rats batting - Pitching for Idaho Falls Chukars : RHP Steve Montgomery
|
|
Batting: SHB Chuck Carr
|
0-0: Called Strike 0-1: Foul Ball, location: 2F 0-2: Ball 1-2: Ball 2-2: Ball 3-2: Base on Balls
|
|
Batting: LHB Andy Fox
|
0-0: Called Strike Chuck Carr steals 2nd base (no throw) 0-1: Foul Ball, location: 2F 0-2: Hit by Pitch
|
|
Batting: SHB Gene Kingsale
|
0-0: Called Strike Chuck Carr steals 3rd base (no throw) Andy Fox to second 0-1: Foul Ball, location: 2F 0-2: Strikes out looking
|
|
Pinch Hitting: LHB Michael Tucker
|
0-0: Intentional Walk
|
|
Batting: SHB Chris Latham
|
0-0: Ball 1-0: Called Strike 1-1: Swinging Strike 1-2: Foul Ball, location: 2F 1-2: Strikes out swinging
|
|
Batting: LHB Eric Helfand
|
0-0: DOUBLE (Line Drive, 7LS, EV 97.5 MPH) Chuck Carr scores Andy Fox scores Michael Tucker to third Runner from 3rd tries for Home, SAFE, no throw by LF
|
|
Pitching: RHP Jeff Schwarz
|
|
|
Batting: RHB Rico Rossy
|
0-0: Ball 1-0: Called Strike 1-1: Ball 2-1: Ball 3-1: SINGLE (Line Drive, 7LS, EV 103.8 MPH) Eric Helfand to third Runner from 3rd tries for Home, SAFE, throw by LF to home
|
|
Batting: LHB Jay Hood
|
0-0: Ball 1-0: Ball 2-0: Swinging Strike 2-1: Ball 3-1: Foul Ball, location: 2F 3-2: Strikes out swinging
|
| Top of the 9th over - 4 runs, 2 hits, 0 errors, 1 left on base; Spokane 7 - Idaho Falls 3 |
| BOTTOM OF THE 9TH |
|
Idaho Falls Chukars batting - Pitching for Spokane River Rats : LHP Bobby M Jones
|
|
Pitching: LHP Matt Whisenant
|
|
|
Now at 2B: Tony Rodriguez
|
|
|
Batting: LHB Dwight Smith
|
0-0: Ball 1-0: Ball 2-0: Fly out, F9 (Line Drive, 9, EV 93.1 MPH)
|
|
Batting: LHB Rico Brogna
|
0-0: Ball 1-0: SINGLE (Groundball, 4MD, EV 103.1 MPH)
|
|
Batting: RHB Mark Lewis
|
0-0: Ball 1-0: Foul Ball, location: 2F 1-1: Fielders Choice at 2nd, 4-6 (Groundball, 4, EV 98.1 MPH)
|
|
Batting: SHB Marcus Jensen
|
0-0: Ground out 4-3 (Groundball, 34, EV 90.6 MPH)
|
| Bottom of the 9th over - 0 runs, 1 hit, 0 errors, 1 left on base; Spokane 7 - Idaho Falls 3 |
|